cohdb
Replays
Latest Replays
All Replays
Popular Replays
Top Player Replays
Match Explorer
How It Works
Community
CoH3 Stats
Reddit
Sign in to upload your games and track your stats! →
Sign in with Steam
Match 41793249
Unlisted
Match 41793249
Overview
Messages
Build Orders
End
Construct Section Command Post
Royal Engineer Section
Selects Canadian Shock Battlegroup
Infantry Section
Infantry Section
Infantry Section
Selects Attacking Spirit
Selects Canadian Shock Section
Canadian Shock Section
Construct Platoon Command Post
Selects Incendiary Munitions
Humber Armored Car
Canadian Shock Section
6-pounder Anti-tank Gun Team
Grenade Package
Selects Pyrotechnics
Construct Company Command Post
TidaL
(502) Bad Gateway
0
0
Comments
sign in to comment!
No comments posted yet!